 Dungeon Crawl Stone Soup version 0.24.0-1-gfbc8707 (webtiles) character file.

Game seed: 15485574180212620274, levelgen mode: deterministic

114 Minkie the Charmwright (level 4, 0/57 HPs)
             Began as a Draconian Skald on Nov 11, 2019.
             Slain by Natasha (9 damage)
             ... on level 2 of the Dungeon.
             The game lasted 00:09:30 (1489 turns).

Minkie the Charmwright (Draconian Skald)            Turns: 1489, Time: 00:09:31

Health: 0/57       AC:  5    Str: 18    XL:     4   Next: 67%
Magic:  8/8        EV: 12    Int: 19    God:
Gold:   50         SH:  0    Dex: 11    Spells: 2/8 levels left

rFire    + . .     SeeInvis .   a - +0 falchion
rCold    + . .     Gourm    .   (no shield)
rNeg     . . .     Faith    .   (armour unavailable)
rPois    .         Spirit   .   (helmet restricted)
rElec    .         Reflect  .   b - scarf {rC+ rF+}
rCorr    .         Harm     .   (no gloves)
MR       .....                  (no boots)
Stlth    ..........             (no amulet)
HPRegen  0.19/turn              (no ring)
MPRegen  0.11/turn              (no ring)

@: brilliant, berserking, very quick
A: unfitting armour, cold-blooded, AC +5
a: no special abilities


You were on level 2 of the Dungeon.
You were not hungry.

You visited 1 branch of the dungeon, and saw 2 of its levels.

You collected 50 gold pieces.

Inventory:

Hand Weapons
 a - a +0 falchion (weapon)
Armour
 b - a scarf of resistance (worn)
Scrolls
 e - a scroll of noise {unknown}
 f - 4 scrolls of remove curse {unknown}
 g - a scroll of teleportation {unknown}
Comestibles
 c - 5 rations


   Skills:
 - Level 3.0 Fighting
 + Level 2.7 Long Blades
 + Level 2.7 Dodging
 + Level 2.6 Spellcasting
 - Level 3.0 Charms
 + Level 0.9 Necromancy
 + Level 0.8 Translocations


You had 2 spell levels left.
You knew the following spells:

 Your Spells              Type           Power        Failure   Level  Hunger
a - Infusion              Chrm           ####         1%          1    None
b - Shroud of Golubria    Chrm/Tloc      ###...       1%          2    ##.....
c - Regeneration          Chrm/Necr      ###.......   2%          3    ###....

Your spell library contained the following spells:

 Spells                   Type           Power        Failure   Level  Hunger
 Song of Slaying          Chrm           ####....     1%          2    ##.....
 Spectral Weapon          Hex/Chrm       ###.....     3%          3    ###....


Dungeon Overview and Level Annotations

Branches:
Dungeon (2/15)

Altars:
Ashenzari
Yredelemnul

Annotations:
D:2 Natasha


Innate Abilities, Weirdness & Mutations

Your plain brown scales are hard. (AC +5)
You cannot fit into any form of body armour.
You are cold-blooded and may be slowed by cold attacks.


Message History

Natasha claws you.
You hit Natasha but do no damage.
Natasha is lightly wounded.
Natasha claws you!
* * * LOW HITPOINT WARNING * * *
It was a potion of magic.
Magic courses through your body. Natasha barely misses you.
You riposte.
You hit Natasha.
You tail-slap Natasha, but do no damage.
Natasha is lightly wounded.
It was a potion of brilliance.
You feel clever all of a sudden. Natasha casts a spell at you.
You resist with some effort.
It was a potion of berserk rage.
A red film seems to cover your vision as you go berserk!
You feel yourself moving faster!
You feel mighty! Natasha closely misses you.
You barely miss Natasha.
Your tail-slap misses Natasha.
Natasha is lightly wounded.
Natasha claws you!
You die...

#..........#
#.#.######.#
#.#(######.#
#.#.....#... ##
#######.#####.#..# ..
#.............#.[# .#
##.#.#########.#..##..#
......# ######.#).....#
...#..# #......#@####.#
####..###.###..#h# .
####......# #..#.#
......###.###..#รท#
####..# #......#.#
####..# ##..##.#.##
......# #..##....#
#####.# #..##.....# #
#..#.........#


You could see Natasha.

Vanquished Creatures
  Jessica (D:2)
  Natasha (D:2)
  2 adders (D:2)
  2 oozes (D:1)
  A worm (D:2)
  2 dart slugs (D:1)
  2 leopard geckos (D:2)
  2 bats
  2 giant cockroaches (D:1)
  3 goblins (D:1)
  3 hobgoblins (D:1)
  2 jackals (D:2)
  A quokka (D:2)
  A ball python (D:1)
  2 frilled lizards (D:1)
  A kobold (D:1)
  3 rats (D:1)
31 creatures vanquished.

Notes
Turn   | Place    | Note
-------+----------+-------------------------------------------
     0 | D:1      | Minkie the Draconian Skald began the quest for the Orb.
     0 | D:1      | Reached XP level 1. HP: 17/17 MP: 3/3
    78 | D:1      | Reached XP level 2. HP: 13/25 MP: 0/5
   367 | D:1      | Reached XP level 3. HP: 29/30 MP: 6/6
   426 | D:2      | Found a basalt altar of Yredelemnul.
   860 | D:2      | Noticed Natasha
   867 | D:1      | Learned a level 2 spell: Shroud of Golubria
   871 | D:1      | Learned a level 3 spell: Regeneration
   905 | D:2      | Found a shattered altar of Ashenzari.
  1107 | D:2      | Killed Natasha
  1107 | D:2      | Reached XP level 4. HP: 19/37 MP: 4/7
  1473 | D:2      | Noticed Jessica
  1479 | D:2      | Noticed Natasha
  1481 | D:2      | Killed Jessica
  1489 | D:2      | Slain by Natasha

Levels and vault maps discovered:
D:1:      nicolae_arrival_washed_ashore, layout_rooms
D:2:      layout_loops_ring, old_standard_altar, yredelemnul_altar_generic,
          uniq_natasha, uniq_robin, uniq_jessica

Skill      XL: |  1  2  3  4 |
---------------+-------------+-----
Charms         | 3 |  3.0
Fighting       | 3 |  3.0
Long Blades    | |  2.7
Dodging        | |  2.7
Spellcasting   | |  2.6
Necromancy     | |  0.9
Translocations | |  0.8

Action                   |  1- 3 |  4- 6 || total
-------------------------+-------+-------++-------
Melee: Falchion          |    89 |    17 ||   106
       Tailslap          |    13 |     2 ||    15
 Cast: Infusion          |     2 |       ||     2
       Shroud of Golubri |     1 |       ||     1
  Use: Potion            |       |     3 ||     3
 Stab: Sleeping          |       |     1 ||     1
  Eat: Chunk             |     1 |     1 ||     2
Armor: Skin              |    28 |     1 ||    29
Dodge: Dodged            |    65 |     9 ||    74
       Rpst.: Falchion   |    22 |     2 ||    24
